 Dungeon Crawl Stone Soup version 0.22-a0-274-gf8199ec (webtiles) character file.

45795 Amnesiac the Destroyer (level 14, -38/103 HPs)
             Began as a Mummy Wizard on Mar 13, 2018.
             Was a High Priest of Sif Muna.
             Killed from afar by a blizzard demon (51 damage)
             ... with a freezing blast
             ... in an ice cave.
             The game lasted 00:52:46 (23861 turns).

Amnesiac the Destroyer (Mummy Wizard)              Turns: 23861, Time: 00:52:47

Health: -38/103    AC: 15    Str: 12    XL:     14   Next: 2%
Magic:  1/31       EV: 15    Int: 24    God:    Sif Muna [*****.]
Gold:   1009       SH:  9    Dex: 10    Spells: 11/39 levels left

rFire    + . .     SeeInvis .   b - staff of conjuration
rCold    x . .     Gourm    .   w - +0 buckler
rNeg     + + +     Faith    .   f - +2 robe {Archmagi}
rPois    ∞         Spirit   .   l - +2 helmet {Int+3}
rElec    .         Reflect  +   m - +2 cloak
rCorr    .         Harm     .   p - +2 pair of gloves
MR       +....                  j - +1 pair of boots
Stlth    ++........             i - +4 amulet of reflection
HPRegen  0.27/turn              E - ring of fire
MPRegen  0.22/turn              x - ring of fire

@: very slightly contaminated, no casting
A: no food or potions, fire vulnerability, cold resistance 1, negative energy
resistance 3, torment resistance, unbreathing, in touch with death 1
a: Stop Divine Energy, Channel Magic, Forget Spell, Renounce Religion


You were in an ice cave.
You worshipped Sif Muna.
Sif Muna was extremely pleased with you.
You were not hungry.

You visited 5 branches of the dungeon, and saw 19 of its levels.
You also visited: Ice Cave.

You collected 2126 gold pieces.
You spent 1117 gold pieces at shops.

Inventory:

Hand Weapons
 a - a +3 dagger of venom
 B - the +8 war axe "Nageren" {flame, rN+}
   (You found it on level 10 of the Dungeon)

   It has been specially enchanted to burn those struck by it, causing extra
   injury to most foes and up to half again as much damage against particularly
   susceptible opponents.
   Big, fiery blades are also staple armaments of hydra-hunters.
   It protects you from negative energy.
 G - the +9 falchion "Pubbun" {speed, Dex+2, unknown}
   (You found it on level 2 of the Lair of Beasts)

   Attacks with this weapon are significantly faster.
   It affects your dexterity (+2).
 I - the +4 trident of the Wraith {pierce, Int+4, unknown}
   (You found it on level 2 of the Lair of Beasts)

   It inflicts extra damage upon your enemies.
   It affects your intelligence (+4).
Missiles
 c - a throwing net
 g - 4 tomahawks of returning (quivered)
 u - 58 poisoned needles
Armour
 f - a +2 robe of the Archmagi (worn)
 j - a +1 pair of boots (worn)
 l - a +2 helmet of intelligence (worn)
 m - a +2 cloak (worn)
 p - a +2 pair of gloves (worn)
 w - a +0 buckler (worn)
 z - a +2 robe of fire resistance
Magical Staves
 b - an uncursed staff of conjuration (weapon)
Jewellery
 d - a +1 ring of protection
 i - a +4 amulet of reflection (around neck)
 x - a ring of fire (right hand)
 E - a ring of fire (left hand)
Wands
 q - a wand of scattershot (6)
 A - a wand of digging (14)
 C - a wand of iceblast (17)
 D - a wand of enslavement (11)
 F - a wand of polymorph (11)
Scrolls
 e - 12 scrolls of teleportation {!r}
 h - a scroll of enchant weapon {!r}
 k - 4 scrolls of remove curse {!r}
 n - 3 scrolls of amnesia {!r}
 o - 8 scrolls of identify {!r}
 s - 7 scrolls of magic mapping {!r}
 t - 2 scrolls of vulnerability {!r}
 v - 4 scrolls of fog {!r}
 y - 2 scrolls of silence {!r}
 H - a scroll of enchant armour {!r}
Miscellaneous
 J - a box of beasts


   Skills:
 + Level 7.2 Fighting
 * Level 7.9 Dodging
 - Level 1.5 Stealth
 - Level 5.0 Shields
 + Level 13.0 Spellcasting
 * Level 13.1 Conjurations
 - Level 0.7 Summonings
 - Level 0.7 Translocations
 - Level 8.0 Invocations


You had 11 spell levels left.
You knew the following spells:

 Your Spells              Type           Power        Failure   Level  Hunger
a - Dazzling Spray        Conj/Hex       ######       1%          3    N/A
b - Irradiate             Conj/Tmut      #######...   7%          5    N/A
c - Fulminant Prism       Conj/Hex       #######...   2%          4    N/A
d - Magic Dart            Conj           ####         1%          1    N/A
e - Fireball              Conj/Fire      ########..   7%          5    N/A
f - Call Imp              Summ           ####....     4%          2    N/A
g - Mephitic Cloud        Conj/Pois/Air  ######..     1%          3    N/A
s - Conjure Flame         Conj/Fire      ########     1%          3    N/A
v - Blink                 Tloc           N/A          4%          2    N/A

Dungeon Overview and Level Annotations

Branches:
Dungeon (13/15)            Temple (1/1) D:6            Lair (2/6) D:8
  Swamp (1/4) Lair:2          Orc (2/2) D:9             Elf (0/3) Orc:2
 Vaults (0/5) D:13
  Snake: Lair:2-4    Spider: Lair:2-4

Altars:
Ashenzari
Cheibriados
Dithmenos
Elyvilon
Fedhas
Gozag
Hepliaklqana
Kikubaaqudgha
Makhleb
Nemelex Xobeh
Okawaru
Qazlal
Ru
Sif Muna
Trog
Uskayaw
Vehumet
Wu Jian
Xom
Yredelemnul
Zin
The Shining One
Beogh

Shops:
D:2 *   D:5 =   D:7 %   D:9 [   D:11 ?=[   Orc:1 *   Orc:2 }!}[

Annotations:
D:10 2 runed doors, exclusion: orange crystal statue
Swamp:1 exclusion: 2 ice statues


Innate Abilities, Weirdness & Mutations

You do not eat or drink.
Your flesh is vulnerable to fire.
You are immune to poison.
Your flesh is cold resistant. (rC+)
You are immune to negative energy. (rN+++)
You are immune to unholy pain and torment.
You can survive without breathing.
You are in touch with the powers of death.


Message History

The fireball engulfs the ice devil.
The ice devil is burned terribly!
The ice devil is heavily wounded.
Sif Muna grants you divine energy.
You briefly lose access to your magic!
You can't drink.
Okay, then.
Really read
r - a scroll of blinking {!r}?
Blink to where?
Press: ? - help, Dir - move target cursor, p - ice devil You are very lightly contaminated with residual magic.
As you read the scroll of blinking {!r}, it crumbles to dust.
You feel less invigorated.
You regain access to your magic.
Casting: Fireball (safe; 7% risk of failure)
Confirm with . or Enter, or press ? or * to list all spells.
Aiming: Fireball (safe; 7% risk of failure)
Press: ? - help, Shift-Dir - straight line You feel a huge surge of power!
The fireball explodes!
The fireball engulfs the ice devil.
The ice devil is burned terribly!
You kill the ice devil!
Sif Muna accepts your kill.
You start resting.
A dire elephant simulacrum is nearby!
A dire elephant simulacrum is nearby!
Casting: Fireball (safe; 7% risk of failure)
Confirm with . or Enter, or press ? or * to list all spells.
Aiming: Fireball (safe; 7% risk of failure)
Press: ? - help, Shift-Dir - straight line, f - dire elephant simulacrum
Aim: a dire elephant simulacrum You feel a huge surge of power!
The fireball explodes!
The fireball engulfs the dire elephant simulacrum.
The dire elephant simulacrum melts!
The dire elephant simulacrum is almost destroyed.
Casting: Fireball (safe; 7% risk of failure)
Confirm with . or Enter, or press ? or * to list all spells.
Aiming: Fireball (safe; 7% risk of failure)
Press: ? - help, Shift-Dir - straight line, p - dire elephant simulacrum You feel a huge surge of power!
The fireball explodes!
The fireball engulfs the dire elephant simulacrum.
The dire elephant simulacrum melts!
The dire elephant simulacrum vapourises!
Sif Muna accepts your kill.
You hear a sizzling sound!
Casting: Fireball (safe; 7% risk of failure)
Confirm with . or Enter, or press ? or * to list all spells.
Aiming: Fireball (safe; 7% risk of failure)
Press: ? - help, Shift-Dir - straight line, f - ice devil
Aim: an ice devil You feel a huge surge of power!
The fireball explodes!
The fireball engulfs the ice devil.
The ice devil is burned terribly!
The ice devil is almost dead.
Casting: Fireball (safe; 7% risk of failure)
Confirm with . or Enter, or press ? or * to list all spells.
Aiming: Fireball (safe; 7% risk of failure)
Press: ? - help, Shift-Dir - straight line, f/p - ice devil
Aim: an ice devil (almost dead)
You feel a huge surge of power!
The fireball explodes!
The fireball engulfs the ice devil.
The ice devil is burned terribly!
You kill the ice devil!
Sif Muna accepts your kill. Sif Muna grants you divine energy.
You briefly lose access to your magic!
The blizzard demon gestures at you. The freezing blast engulfs you!
You feel a terrible chill!
You die...

### #) # ##.# .$ ##
#).##### .### .##
###...2### Z..## #.#
###....#...## .Z..#
..#
##..@..####..###2Z2#
.##
###.....#####..##4.4#
##
##....#####.#.###..###
# ##....##
#.⌠Z.Z###Z.# #
##...### ##...#.#.###
#..######### ######§##
##...##....### ###
####....#...###
#######....###


You could see a blizzard demon.

Vanquished Creatures
  Gastronok (Orc:1)
  A blizzard demon (IceCv)
  A yaktaur captain (D:13)
  4 hydras
  2 two-headed ogres
  A centaur warrior (D:13)
  An alligator (Swamp:1)
  The ghost of darksquall the Spear-Bearer, a novice MfAK of Lugonu (Lair:1)
  2 ogre magi (Orc:2)
  2 cyclopes
  A manticore (D:11)
  9 orc sorcerers (Orc:2)
  2 ugly things
  A centaur skeleton (D:10)
  An ice statue (IceCv)
  8 spiny frogs
  2 freezing wraiths (IceCv)
  2 komodo dragons
  2 rime drakes (Lair:1)
  2 yaktaurs (D:13)
  A golden dragon simulacrum (IceCv)
  7 ice devils (IceCv)
  5 anaconda simulacra (IceCv)
  5 trolls
  A hornet (D:11)
  A tyrant leech (Lair:2)
  3 blink frogs (Lair:2)
  2 dream sheep (D:10)
  5 hippogriffs
  4 slime creatures (D:12)
  A meliai zombie (D:12)
  A shadow (D:10)
  28 yaks
  A basilisk (Lair:1)
  A vampire (D:11)
  A dire elephant simulacrum (IceCv)
  2 wyverns
  A hungry ghost (D:8)
  A steam dragon (D:11)
  3 swamp worms
  4 water moccasins
  7 harpy simulacra (IceCv)
  2 iron troll simulacra (IceCv)
  2 wargs
  9 porcupines
  A hydra simulacrum (IceCv)
  3 sky beasts
  18 orc warriors
  A swamp drake (D:9)
  A hornet zombie (D:10)
  A phantom (D:12)
  2 black bears
  2 ice beasts (D:10)
  An ettin simulacrum (IceCv)
  An alligator simulacrum (IceCv)
  13 ogres
  5 centaurs
  6 crocodiles
  3 big kobolds (D:10)
  13 bullfrogs
  2 wyvern skeletons
  6 scorpions
  9 killer bees
  4 wights
  2 howler monkeys
  4 crimson imps
  6 draconian simulacra (IceCv)
  5 jellies
  5 hounds
  2 centaur zombies
  2 bullfrog skeletons
  10 orc priests
  40 orc wizards
  3 iguanas
  6 worker ants
  A spriggan simulacrum (IceCv)
  5 troll simulacra (IceCv)
  A polar bear simulacrum (IceCv)
  A killer bee zombie (D:8)
  A wolf simulacrum (IceCv)
  The ghost of varam the Ruffian, a weakling TrMo (D:4)
  A hound zombie (D:8)
  2 hound skeletons
  A howler monkey zombie (D:5)
  A worker ant zombie (D:8)
  14 adders
  A naga simulacrum (IceCv)
  An ogre simulacrum (IceCv)
  4 shadow imps
  5 white imps (IceCv)
  7 ufetubi (IceCv)
  An ooze (D:6)
  An adder zombie (D:5)
  2 worms (D:2)
  2 dart slugs (D:4)
  6 leopard geckos
  78 orcs
  2 ball pythons
  14 bats
  18 giant cockroaches
  9 goblins
  4 hobgoblins
  13 jackals
  6 quokkas
  7 frilled lizards
  A giant cockroach zombie (D:5)
  5 kobolds
  9 rats
546 creatures vanquished.

Vanquished Creatures (collateral kills)
  2 wights
  An adder (D:2)
3 creatures vanquished.

Vanquished Creatures (others)
  2 orc wizards
  19 fulminant prisms
  A fungus (Lair:2)
  3 plants
25 creatures vanquished.

Grand Total: 574 creatures vanquished

Notes
Turn   | Place    | Note
-------+----------+-------------------------------------------
     0 | D:1      | Amnesiac the Mummy Wizard began the quest for the Orb.
     0 | D:1      | Reached XP level 1. HP: 13/13 MP: 5/5
    70 | D:1      | Reached skill level 1 in Fighting
   354 | D:1      | Reached XP level 2. HP: 17/21 MP: 7/7
   837 | D:2      | Reached XP level 3. HP: 21/26 MP: 8/8
  1044 | D:2      | Learned a level 3 spell: Mephitic Cloud
  1048 | D:2      | Learned a level 3 spell: Conjure Flame
  1051 | D:2      | Learned a level 2 spell: Call Imp
  1605 | D:2      | Found Zin's Purification Station.
  1607 | D:2      | Found a glowing silver altar of Zin.
  1677 | D:2      | Found a hide-covered altar of Uskayaw.
  1744 | D:2      | Reached XP level 4. HP: 33/33 MP: 10/10
  2565 | D:3      | Reached XP level 5. HP: 35/39 MP: 11/11
  2706 | D:3      | Found a deep blue altar of Sif Muna.
  2714 | D:3      | Became a worshipper of Sif Muna the Loreminder
  2936 | D:3      | Found a glowing silver altar of Zin.
  2938 | D:3      | Found a shimmering altar of Xom.
  2938 | D:3      | Found a shimmering altar of Xom.
  2940 | D:3      | Found a shimmering altar of Xom.
  2940 | D:3      | Found a stormy altar of Qazlal.
  2940 | D:3      | Found a sacrificial altar of Ru.
  3269 | D:4      | Reached skill level 1 in Conjurations
  3333 | D:4      | Noticed an ogre
  3444 | D:4      | Noticed varam's ghost (weakling TrMo)
  3471 | D:4      | Killed varam's ghost
  3574 | D:4      | Reached XP level 6. HP: 47/47 MP: 7/12
  3699 | D:4      | Found a radiant altar of Vehumet.
  4108 | D:5      | Entered Level 5 of the Dungeon
  4108 | D:5      | Found a shadowy altar of Dithmenos.
  4112 | D:5      | Learned a level 2 spell: Blink
  4177 | D:5      | Reached * piety under Sif Muna
  4292 | D:5      | Reached XP level 7. HP: 48/52 MP: 9/13
  4343 | D:5      | Found Omanoep's Jewellery Emporium.
  4615 | D:5      | Reached skill level 5 in Spellcasting
  4615 | D:5      | Reached skill level 5 in Conjurations
  4903 | D:6      | Found a staircase to the Ecumenical Temple.
  4926 | D:6      | Reached ** piety under Sif Muna
  4932 | D:6      | Found a shadowy altar of Dithmenos.
  4976 | D:6      | Found a glowing golden altar of the Shining One.
  5053 | D:6      | Reached XP level 8. HP: 49/58 MP: 16/16
  5122 | D:6      | Found a blossoming altar of Fedhas.
  5164 | D:6      | Found a hazy altar of Hepliaklqana.
  5759 | Temple   | Entered the Ecumenical Temple
  6384 | D:7      | Found a radiant altar of Vehumet.
  6392 | D:7      | Reached *** piety under Sif Muna
  6392 | D:7      | Reached XP level 9. HP: 49/63 MP: 16/20
  6627 | D:7      | Found a bloodstained altar of Trog.
  6742 | D:7      | Found Jennil's Food Shop.
  7221 | D:8      | Found a sacrificial altar of Ru.
  7243 | D:8      | Found a staircase to the Lair.
  7889 | D:9      | Reached **** piety under Sif Muna
  7944 | D:9      | Found a stormy altar of Qazlal.
  8085 | D:9      | Reached skill level 1 in Invocations
  8161 | D:9      | Noticed a two-headed ogre
  8632 | D:9      | Found a staircase to the Orcish Mines.
  8889 | D:9      | Reached XP level 10. HP: 60/70 MP: 15/23
  9138 | D:9      | Found Acuyr's Antique Armour Shoppe.
  9441 | D:10     | Entered Level 10 of the Dungeon
  9785 | D:10     | Got a crude ring mail
  9807 | D:9      | Identified the +4 ring mail of a volcano {Int+3} (You found it on level 10 of the Dungeon)
 10074 | D:10     | Reached ***** piety under Sif Muna
 10074 | D:10     | Identified Sif Muna's Reference Book on Curses (Sif Muna gifted it to you on level 10 of the Dungeon)
 10074 | D:10     | Received a gift from Sif Muna
 10081 | D:10     | Learned a level 4 spell: Fulminant Prism
 10225 | D:10     | Reached skill level 10 in Spellcasting
 10242 | D:10     | Reached skill level 1 in Shields
 10242 | D:10     | Reached skill level 10 in Conjurations
 10504 | D:10     | Found a runed door.
 10871 | D:10     | Found the +10 large shield of Ignorance {rN+ Int-4}
 10876 | D:10     | Found a runed door.
 10876 | D:10     | Noticed an orange crystal statue
 10887 | D:10     | Got a pitted war axe
 10968 | D:10     | Identified the +8 war axe "Nageren" {flame, rN+} (You found it on level 10 of the Dungeon)
 11132 | D:10     | Noticed a three-headed hydra
 11147 | D:10     | Killed a one-headed hydra
 11147 | D:10     | Reached skill level 5 in Invocations
 11147 | D:10     | Reached XP level 11. HP: 66/75 MP: 22/25
 11325 | D:11     | Noticed a purple ugly thing
 11379 | D:11     | Killed a purple ugly thing
 11577 | D:11     | Found Esank's Magic Scroll Shoppe.
 11752 | D:11     | Noticed a two-headed ogre
 11982 | D:11     | Found Sefruluh's Jewellery Shop.
 12069 | D:11     | Found Wics's Antique Armour Shop.
 12076 | D:11     | Bought a twisted shield for 342 gold pieces
 12086 | D:11     | Identified the cursed +0 shield of the Three Queens {*Drain rC+ Dex+8} (You bought it in a shop on level 11 of the Dungeon)
 12099 | D:11     | Bought a runed cloak for 270 gold pieces
 12402 | D:11     | Killed a two-headed ogre
 12847 | D:12     | Noticed a six-headed hydra
 12903 | D:12     | Killed a six-headed hydra
 13001 | D:12     | Learned a level 1 spell: Magic Dart
 13232 | D:12     | Reached skill level 5 in Fighting
 13931 | D:12     | Learned a level 3 spell: Dazzling Spray
 14165 | D:13     | Noticed a four-headed hydra
 14171 | D:13     | Killed a four-headed hydra
 14334 | D:13     | Noticed a green ugly thing
 14347 | D:13     | Killed a green ugly thing
 14347 | D:13     | Reached XP level 12. HP: 85/86 MP: 3/26
 14570 | D:13     | Found a gate to the Vaults.
 14839 | D:13     | Noticed a yaktaur captain
 14866 | D:13     | Killed a yaktaur captain
 14924 | D:13     | Noticed a centaur warrior
 14938 | D:13     | Killed a centaur warrior
 14938 | D:13     | Reached skill level 5 in Dodging
 15155 | D:13     | Noticed a seven-headed hydra
 15162 | D:13     | Killed a seven-headed hydra
 15286 | D:13     | Found a shimmering altar of Xom.
 15540 | D:9      | Killed a two-headed ogre
 15540 | D:9      | Identified Sif Muna's Reference Book on Attacks (Sif Muna gifted it to you on level 9 of the Dungeon)
 15540 | D:9      | Received a gift from Sif Muna
 15554 | D:9      | Learned a level 5 spell: Irradiate
 15592 | Orc:1    | Entered Level 1 of the Orcish Mines
 15592 | Orc:1    | Found Oqy Do Imi's Assorted Antiques.
 15853 | Orc:1    | Bought 3 scrolls labeled PONTOJ MAROO for 93 gold pieces
 15988 | Orc:1    | Noticed Gastronok
 16018 | Orc:1    | Killed Gastronok
 16103 | Orc:1    | Bought a dazzling hat for 279 gold pieces
 16113 | Orc:1    | Identified the +1 hat of the Saviour {rPois MR+ Slay+2} (You bought it in a shop on level 1 of the Orcish Mines)
 16315 | Orc:2    | Entered Level 2 of the Orcish Mines
 16908 | Orc:2    | Found a staircase to the Elven Halls.
 16958 | Orc:2    | Reached skill level 5 in Shields
 17637 | Orc:2    | Paralysed by an orc sorcerer for 2 turns
 17891 | Orc:2    | Found an ancient bone altar of Kikubaaqudgha.
 17896 | Orc:2    | Noticed an ogre mage
 17900 | Orc:2    | Gained mutation: You are in touch with the powers of death. [Mummy growth]
 17900 | Orc:2    | Reached XP level 13. HP: 92/92 MP: 13/29
 18053 | Orc:2    | Found a roughly hewn altar of Beogh.
 18053 | Orc:2    | Found Buan's Gadget Boutique.
 18053 | Orc:2    | Found Oxeroatu's Distillery.
 18064 | Orc:2    | Found Liyjuj's Antique Armour Boutique.
 18306 | Orc:2    | Found a radiant altar of Vehumet.
 18308 | Orc:2    | Found Xenommu's Gadget Shop.
 18810 | D:11     | Bought a glowing robe for 133 gold pieces
 18909 | Lair:1   | Entered Level 1 of the Lair of Beasts
 19009 | Lair:1   | Noticed darksquall's ghost (novice MfAK)
 19120 | Lair:1   | Killed darksquall's ghost
 20127 | Lair:2   | Identified Sif Muna's Disquisition on Heat (Sif Muna gifted it to you on level 2 of the Lair of Beasts)
 20127 | Lair:2   | Received a gift from Sif Muna
 20490 | Lair:2   | Got a pitted falchion
 21388 | Lair:2   | Found a staircase to the Swamp.
 21618 | Lair:2   | Got a slimy trident
 21738 | Swamp:1  | Entered Level 1 of the Swamp
 21859 | Swamp:1  | Found a frozen archway.
 21867 | IceCv    | Entered an ice cave
 22374 | IceCv    | Learned a level 5 spell: Fireball
 23826 | IceCv    | Noticed a blizzard demon
 23826 | IceCv    | Noticed a blizzard demon
 23841 | IceCv    | Killed a blizzard demon
 23841 | IceCv    | Reached XP level 14. HP: 8/103 MP: 5/31
 23861 | IceCv    | Killed from afar by a blizzard demon

Vault maps used:
D:1:      lemuel_arrival_muddy
D:2:      zin_purify, eat_drink_and_be_merry_uskayaw,
          minmay_misc_feat_four_crosses, minmay_ruptured
D:3:      minmay_roachtagon, lemuel_coloured_pillars_altar, doesnt_xom_only_xom,
          first_ration
D:4:      vehumet_altar_wand_db
D:5:      basic_altar, serial_shops, nicolae_shop_crystal
D:6:      fedhas_altar_1, old_standard_altar, marbit_many_paths,
          minmay_temple_entry_purple_smoke, tso_metal_star
D:7:      kennysheep_mini_moat, bloody_trog, serial_shops,
          nicolae_shop_behind_doors
D:8:      nicolae_ru_great_annihilating_truth, lair_entry_dummy
D:9:      nicolae_qazlal_eye_of_the_storm, erik_orc_1, serial_shops,
          nicolae_shop_behind_doors
D:10:     hangedman_ranch, hangedman_abyss_or_decor_stabs, st_stairs_8,
          chequers_guarded_unrand_ignorance
D:11:     serial_shops, shop, kennysheep_little_box, shop,
          eino_small_chamber_without_monster
D:13:     david_vaults_2, lemuel_tele_altar
Temple:   jpeg_temple_clearing
Lair:2:   minmay_swamp_entry_worms, serial_bayou_shore_b
Swamp:1:  portal_ice_cave_entry_ice_statue_two, evilmike_swamp_ruin_house_4,
          swamp_pool2, nicolae_swamp_dense_foliage
Orc:1:    serial_shops, shop, uniq_gastronok
Orc:2:    kennysheep_orc_mage_school
IceCv:    ice_cave_caverns_01

Skill      XL: |  1  2  3  4  5  6  7  8  9 10 11 12 13 |
---------------+----------------------------------------+-----
Fighting       | 1 2 3 5 7 |  7.2
Dodging        | 2 3 4 5 7 |  7.9
Conjurations   | 2 4 5 7 9 10 12 13 | 13.1
Spellcasting   | 5 7 9 10 12 13 | 13.0
Invocations    | 2 5 8 |  8.0
Shields        | 4 5 |  5.0
Stealth        | |  1.5
Summonings     | |  0.7
Translocations | |  0.7

Action                   |  1- 3 |  4- 6 |  7- 9 | 10-12 | 13-15 || total
-------------------------+-------+-------+-------+-------+-------++-------
Melee: Unarmed           |    31 |       |       |       |       ||    31
       Hand axe          |   106 |   169 |       |       |       ||   275
       Quarterstaff      |       |   106 |    36 |       |       ||   142
       Dagger            |       |       |   473 |   266 |       ||   739
       War axe           |       |       |       |    83 |       ||    83
       Staff             |       |       |       |    45 |     4 ||    49
Throw: Tomahawk          |     4 |     2 |       |       |       ||     6
 Cast: Magic Dart        |    15 |       |    27 |    66 |       ||   108
       Call Imp          |     6 |     4 |     9 |       |       ||    19
       Mephitic Cloud    |       |    17 |    23 |    29 |       ||    69
       Conjure Flame     |       |     3 |    12 |    32 |       ||    47
       Blink             |       |       |       |     3 |     1 ||     4
       Dazzling Spray    |       |       |       |   106 |    54 ||   160
       Fulminant Prism   |       |       |       |    19 |       ||    19
       Irradiate         |       |       |       |    36 |    52 ||    88
       Fireball          |       |       |       |       |    56 ||    56
Invok: Divine Energy     |       |     1 |       |       |       ||     1
       Channel Magic     |       |       |       |       |     1 ||     1
  Use: Scroll            |       |       |    16 |     9 |     3 ||    28
 Stab: Sleeping          |     6 |     1 |     5 |       |       ||    12
       Confused          |       |    11 |     6 |    10 |       ||    27
       Paralysed         |       |       |     1 |       |       ||     1
Armor: Robe              |    43 |   137 |   175 |   140 |    63 ||   558
       Ring mail         |       |       |       |   156 |       ||   156
Dodge: Dodged            |   117 |   242 |   305 |   300 |   106 ||  1070
Block: Buckler           |       |       |       |    79 |    74 ||   153
       Reflection        |       |       |       |       |     3 ||     3

Table legend:
 A = Spawn XP
 B = Non-spawn XP
 C = Spawn XP percentage of total XP
 D = Spawn monster count
 E = Non-spawn monster count
 F = Spawn count percentage of total count
 G = Total turns spent on level
                    A         B        C        D         E        F      G
               +---------+---------+-------+---------+---------+-------+---------
         Total |       0 |   65422 |   0.0 |       0 |     551 |   0.0 | 23861
               +---------+---------+-------+---------+---------+-------+---------
           D:1 |       0 |      23 |   0.0 |       0 |      15 |   0.0 |   695
           D:2 |       0 |      80 |   0.0 |       0 |      26 |   0.0 |  1200
           D:3 |       0 |     124 |   0.0 |       0 |      36 |   0.0 |  1393
           D:4 |       0 |     312 |   0.0 |       0 |      14 |   0.0 |  1017
           D:5 |       0 |     691 |   0.0 |       0 |      19 |   0.0 |   782
           D:6 |       0 |     673 |   0.0 |       0 |      23 |   0.0 |   931
           D:7 |       0 |     941 |   0.0 |       0 |      19 |   0.0 |   906
           D:8 |       0 |    1243 |   0.0 |       0 |      25 |   0.0 |  1335
           D:9 |       0 |    3471 |   0.0 |       0 |      55 |   0.0 |  1950
          D:10 |       0 |    4652 |   0.0 |       0 |      37 |   0.0 |  1503
          D:11 |       0 |    3826 |   0.0 |       0 |      23 |   0.0 |  1405
          D:12 |       0 |    5250 |   0.0 |       0 |      32 |   0.0 |  1351
          D:13 |       0 |    6483 |   0.0 |       0 |      17 |   0.0 |  1412
        Lair:1 |       0 |    5156 |   0.0 |       0 |      20 |   0.0 |   965
        Lair:2 |       0 |    8337 |   0.0 |       0 |      37 |   0.0 |  1619
       Swamp:1 |       0 |    1453 |   0.0 |       0 |       3 |   0.0 |   129
         Orc:1 |       0 |    3573 |   0.0 |       0 |      20 |   0.0 |   963
         Orc:2 |       0 |    9779 |   0.0 |       0 |      72 |   0.0 |  2190
         IceCv |       0 |    9355 |   0.0 |       0 |      58 |   0.0 |  1994
               +---------+---------+-------+---------+---------+-------+---------
